 Dungeon Crawl Stone Soup version 0.24.0-28-g17ded55e90 (webtiles) character file.

Game seed: 9831281292221799014, levelgen mode: deterministic

662 lepoulpe303 the Grave Robber (level 7, -2/46 HPs)
             Began as a Demonspawn Necromancer on Nov 12, 2019.
             Slain by Grinder (5 damage)
             ... while paralysed by Grinder
             ... on level 4 of the Dungeon.
             The game lasted 00:14:21 (5021 turns).

lepoulpe303 the Grave Robber (DsNe)                 Turns: 5021, Time: 00:14:21

Health: -2/46      AC:  5    Str:  8    XL:     7   Next: 30%
Magic:  4/13       EV:  2    Int: 19    God:
Gold:   185        SH:  0    Dex: 13    Spells: 3/15 levels left

rFire    + . .     SeeInvis .   r - +1 whip (flame)
rCold    . . .     Gourm    .   (no shield)
rNeg     . . .     Faith    .   a - +1 robe
rPois    .         Spirit   .   (no helmet)
rElec    .         Reflect  .   (no cloak)
rCorr    .         Harm     .   (no gloves)
MR       .....                  (no boots)
Stlth    ++........             (no amulet)
HPRegen  0.15/turn              d - ring of fire {rF+, rC-}
MPRegen  0.13/turn              (no ring)

@: paralysed
A: icy blue scales 1, cold resistance 1, powered by death 2
a: no special abilities


You were on level 4 of the Dungeon.
You were not hungry.

You visited 1 branch of the dungeon, and saw 4 of its levels.

You collected 185 gold pieces.

Inventory:

Hand Weapons
 r - a +1 whip of flaming (weapon)
Missiles
 Q - 130 stones (quivered)
Armour
 a - a +1 robe (worn)
Jewellery
 d - a ring of fire (left hand) {rF+, rC-}
Wands
 q - a wand of iceblast (5)
Scrolls
 f - a scroll of enchant weapon {unknown}
 i - 2 scrolls of identify
 j - 2 scrolls of enchant armour
 n - a scroll of fear {unknown}
 o - a scroll of amnesia {unknown}
 t - 2 scrolls of teleportation
 w - a scroll of remove curse
Potions
 b - 2 potions of brilliance {unknown}
 c - a potion of degeneration {unknown}
 h - a potion of mutation {unknown}
 k - 2 potions of invisibility {unknown}
 m - 3 potions of flight {unknown}
Comestibles
 e - 7 rations


   Skills:
 + Level 3.3 Dodging
 + Level 3.6 Stealth
 * Level 4.6 Spellcasting
 * Level 6.7 Necromancy


You had 3 spell levels left.
You knew the following spells:

 Your Spells              Type           Power        Failure   Level  Hunger
a - Pain                  Necr           ####         1%          1    None
b - Animate Dead          Necr           N/A          9%          4    ####...
r - Regeneration          Chrm/Necr      ###.......   10%         3    ###....
x - Vampiric Draining     Necr           ####......   2%          3    ###....
A - Animate Skeleton      Necr           N/A          1%          1    None

Your spell library contained the following spells:

 Spells                   Type           Power        Failure   Level  Hunger


Dungeon Overview and Level Annotations

Branches:
Dungeon (4/15)
 Temple: D:4-7

Altars:
Elyvilon
Gozag
Qazlal
Sif Muna
Wu Jian
Yredelemnul
Zin

Shops:
D:4 *

Annotations:
D:4 Grinder


Innate Abilities, Weirdness & Mutations

You are partially covered in icy blue scales. (AC +2)
Your flesh is cold resistant. (rC+)
You regenerate health from kills.


Message History

Grinder hits you.
* * * LOW HITPOINT WARNING * * *
You writhe in agony.
* * * LOW HITPOINT WARNING * * *
You take 7 damage, and have 9/46 hp.
You hit Grinder but do no damage.
Your ball python zombie constricts Grinder.
Grinder hits you but does no damage.
You hit Grinder. You burn Grinder.
Your ball python zombie constricts Grinder.
Grinder gestures at you.
You suddenly lose the ability to move!
Your ball python zombie constricts Grinder.
Grinder gestures at you. You resist with significant effort.
Your ball python zombie constricts Grinder.
Grinder hits you!
* * * LOW HITPOINT WARNING * * *
You writhe in agony.
You die...

..........# #.#
.ppp......# #.#
.....##...# #.#
.....##p..# #####.##
.......p..###......##
.....##p..##........##
..≈≈≈≈≈≈≈.#....Z.....#
##≈.....≈.#....5.....#
#≈.⌠.⌠.≈.#.....@....#
#≈..∩..≈##..........#
#≈.⌠.⌠.≈##..........#
##≈.....≈###.)......##
..≈≈...≈≈##..........#
...≈._.≈.............#
...≈...≈.##[.........#
##.≈≈.≈≈.##.)........#
#...................#


You could see Grinder and a friendly ball python zombie.

Levels and vault maps discovered:
D:1:      dpeg_arrival_long_road, layout_loops_cross, serial_co_window_serial,
          co_window_of_opportunity_a, co_window_corner_a, co_window_corner_a,
          co_window_paths_a, co_window_of_opportunity_a, co_window_2corner,
          co_window_2corner, co_window_unsneaky_path_c, co_window_sun,
          co_window_paths_e, glass_columns_a, glass_columns_a, glass_columns_a,
          glass_columns_c
D:2:      layout_loops_corners, lemuel_doored_altar, minmay_misc_feat_rows,
          minmay_cut_off
D:3:      layout_basic, kennysheep_ying_yang, grunt_qazlal_sundering,
          first_ration
D:4:      layout_rooms, nicolae_gozag_zags_fifth_avenue,
          gammafunk_temple_overflow_statue, uniq_grinder, uniq_pikel, uniq_robin

Notes
Turn   | Place    | Note
-------+----------+-------------------------------------------
     0 | D:1      | lepoulpe303 the Demonspawn Necromancer began the quest for
                  | the Orb.
     0 | D:1      | Reached XP level 1. HP: 13/13 MP: 3/3
     0 | D:1      | lepoulpe303: !whichgod dsne
     0 | D:1      | meem: 61 recent wins for dsne: 28x Kikubaaqudgha, 5x
                  | Vehumet, 4x Hepliaklqana, 3x Nemelex Xobeh, 3x Dithmenos,
                  | 3x Ashenzari, 3x Okawaru, 2x Cheibriados, 2x Xom, 2x
                  | Makhleb, 2x Gozag, Yredelemnul, Trog, Uskayaw, Wu Jian
    93 | D:1      | Identified a +0 short sword
   245 | D:1      | Identified a +0 club
   247 | D:1      | Gained mutation: Your flesh is cold resistant. (rC+)
                  | [demonic ancestry]
   247 | D:1      | Reached XP level 2. HP: 18/19 MP: 1/5
   250 | D:1      | Learned a level 1 spell: Animate Skeleton
   332 | D:1      | Reached skill level 2 in Stealth
   503 | D:1      | Identified a +0 dagger
   532 | D:1      | Identified a +0 short sword
   716 | D:1      | Identified a +0 whip
   800 | D:1      | Identified a +0 club
   802 | D:1      | Reached skill level 2 in Dodging
  1071 | D:1      | Identified a +0 dagger
  1484 | D:2      | Identified a +0 short sword
  1633 | D:2      | Found an ornate altar of the Wu Jian Council.
  1806 | D:2      | Gained mutation: You regenerate a little health from kills.
                  | [demonic ancestry]
  1806 | D:2      | Reached XP level 3. HP: 19/24 MP: 0/6
  1905 | D:2      | Identified a +0 club
  2245 | D:2      | Reached skill level 5 in Necromancy
  2317 | D:2      | Learned a level 3 spell: Vampiric Draining
  2351 | D:2      | Identified a +0 club
  2375 | D:2      | Identified a +0 club
  2377 | D:2      | Gained mutation: You are partially covered in icy blue
                  | scales. (AC +2) [demonic ancestry]
  2377 | D:2      | Reached XP level 4. HP: 20/30 MP: 2/8
  2644 | D:3      | Found a stormy altar of Qazlal.
  2647 | D:3      | Identified a +0 flail
  2650 | D:3      | Identified a +0 club
  2665 | D:3      | Identified a +0 mace
  2675 | D:3      | Learned a level 3 spell: Regeneration
  2706 | D:3      | Identified a +0 hand axe
  2706 | D:3      | Identified a +0 leather armour
  2708 | D:3      | Identified a +0 dagger
  2708 | D:3      | Identified a +0 robe
  2714 | D:3      | Reached skill level 3 in Spellcasting
  2742 | D:3      | Identified a +0 dagger
  2953 | D:3      | Found a basalt altar of Yredelemnul.
  2982 | D:3      | Identified a +2 whip of electrocution
  2982 | D:3      | Identified a +0 robe
  2982 | D:3      | Identified a +0 buckler
  2982 | D:3      | Identified a +0 club
  2993 | D:3      | Identified a +0 spear
  3201 | D:3      | Identified a +0 dagger
  3204 | D:3      | Reached XP level 5. HP: 34/35 MP: 5/9
  3305 | D:3      | Found a white marble altar of Elyvilon.
  3431 | D:3      | Identified a +0 club
  3457 | D:3      | Identified a +0 trident
  3987 | D:3      | Identified a +0 hand axe
  4194 | D:4      | Identified a +0 giant club
  4194 | D:4      | Noticed an ogre
  4203 | D:4      | Noticed a slave
  4204 | D:4      | Identified a +0 giant club
  4204 | D:4      | Noticed an ogre
  4205 | D:4      | Noticed a slave
  4206 | D:4      | HP: 4/35 [ogre/+0 giant club (25)]
  4219 | D:4      | Killed an ogre
  4219 | D:4      | Reached skill level 3 in Stealth
  4582 | D:4      | Noticed a slave
  4582 | D:4      | Identified a +1 whip of flaming
  4582 | D:4      | Identified a cursed +0 robe
  4582 | D:4      | Noticed Pikel
  4612 | D:4      | Killed an ogre
  4612 | D:4      | Reached skill level 6 in Necromancy
  4612 | D:4      | Gained mutation: You regenerate health from kills. [demonic
                  | ancestry]
  4612 | D:4      | Reached XP level 6. HP: 20/41 MP: 1/11
  4618 | D:4      | Learned a level 4 spell: Animate Dead
  4687 | D:4      | Noticed a slave
  4694 | D:4      | Killed Pikel
  4694 | D:4      | Reached skill level 3 in Dodging
  4694 | D:4      | Reached skill level 4 in Spellcasting
  4694 | D:4      | Reached XP level 7. HP: 21/46 MP: 0/13
  4795 | D:4      | Identified 3 scrolls of identify
  4795 | D:4      | Identified a ring of fire (You found it on level 1 of the
                  | Dungeon)
  4797 | D:4      | Identified a ring of dexterity (You found it on level 3 of
                  | the Dungeon)
  4798 | D:4      | Identified 3 scrolls of enchant armour
  4799 | D:4      | Identified 2 scrolls of teleportation
  4800 | D:4      | Identified 2 scrolls of remove curse
  4839 | D:4      | Found Gozag's Platinum Reserve.
  4881 | D:4      | Identified a +0 spear
  4924 | D:4      | Found a glowing silver altar of Zin.
  4925 | D:4      | Found a shimmering blue altar of Sif Muna.
  4960 | D:4      | Found an opulent altar of Gozag.
  4982 | D:4      | Identified a +0 giant club
  4990 | D:4      | HP: 10/46 [ogre/+0 giant club (18)]
  5001 | D:4      | Noticed Grinder
  5010 | D:4      | Paralysed by Grinder for 5 turns
  5017 | D:4      | HP: 9/46 [Grinder (4)]
  5019 | D:4      | Paralysed by Grinder for 5 turns
  5021 | D:4      | HP: 3/46 [Grinder (7)]
  5021 | D:4      | Slain by Grinder

Table legend:
 A = Turns spent in this place as a percentage of turns spent in the entire game.
 B = Non-inter-level travel turns spent in this place as a percentage of non-inter-level travel turns spent in the entire game.
 C = Inter-level travel turns spent in this place as a percentage of turns spent in this place.
 D = Turns resting spent in this place as a percentage of non-inter-level travel turns spent in this place.
 E = Turns spent auto-exploring this place as a percentage of non-inter-level travel turns spent in this place.
 F = Non-inter-level travel turns spent in this place divided by the number of levels of this place that you've seen.
                   A       B       C       D       E      F
               +-------+-------+-------+-------+-------+----------------------
         Total | 100.0 | 100.0 |   5.5 |  27.8 |  56.2 | 1186.0
       Dungeon | 100.0 | 100.0 |   5.5 |  27.8 |  56.2 | 1186.0
               +-------+-------+-------+-------+-------+----------------------

Table legend:
 A = Kills in this place as a percentage of kills in entire the game.
 B = Kills by you in this place as a percentage of kills by you in the entire game.
 C = Kills by friends in this place as a percentage of kills by friends in the entire game.
 D = Other kills in this place as a percentage of other kills in the entire game.
 E = Experience gained in this place as a percentage of experience gained in the entire game.
 F = Experience gained in this place divided by the number of levels of this place that you have seen.
                   A       B       C       D       E      F
               +-------+-------+-------+-------+-------+----------------------
         Total | 100.0 | 100.0 | 100.0 | 100.0 | 100.0 | 236.8
       Dungeon | 100.0 | 100.0 | 100.0 | 100.0 | 100.0 | 236.8
               +-------+-------+-------+-------+-------+----------------------

Skill      XL: |  1  2  3  4  5  6 |
---------------+-------------------+-----
Stealth        | 2 3 |  3.6
Dodging        | 2 3 |  3.3
Necromancy     | 5 6 |  6.7
Spellcasting   | 3 4 |  4.6

Action                   |  1- 3 |  4- 6 |  7- 9 || total
-------------------------+-------+-------+-------++-------
Melee: Unarmed           |     9 |       |       ||     9
       Short sword       |    18 |    40 |       ||    58
       Whip              |       |       |    12 ||    12
 Cast: Pain              |    59 |    57 |     4 ||   120
       Animate Skeleton  |     3 |    13 |       ||    16
       Vampiric Draining |       |     3 |     2 ||     5
       Animate Dead      |       |     1 |     3 ||     4
  Use: Scroll            |       |       |     4 ||     4
 Stab: Distracted        |     1 |       |       ||     1
  Eat: Ration            |     1 |     1 |       ||     2
       Chunk             |     2 |     5 |       ||     7
Armor: Robe              |    15 |    28 |     4 ||    47
Dodge: Dodged            |    19 |    55 |     9 ||    83

Vanquished Creatures
  Pikel (D:4)
  2 ogres (D:4)
  An orc wizard (D:3)
  3 gnolls
  3 adders (D:2)
  A dart slug (D:1)
  5 leopard geckos
  6 orcs (D:3)
  5 bats
  3 giant cockroaches
  10 goblins
  5 hobgoblins
  5 jackals
  3 quokkas (D:3)
  3 ball pythons
  5 frilled lizards
  6 kobolds
  3 rats
70 creatures vanquished.

Vanquished Creatures (collateral kills)
  An ogre (D:4)
  A gnoll (D:4)
  An adder (D:3)
  A giant cockroach (D:3)
  2 rats (D:3)
6 creatures vanquished.

Vanquished Creatures (others)
  A gnoll (D:4)
1 creature vanquished.

Grand Total: 77 creatures vanquished
